 Dungeon Crawl Stone Soup version 0.28-a0-397-g1a7b1a870f (webtiles) character file.

Game seed: 6779483432167356701

25 Gargoyl the Skirmisher (level 3, 0/35 HPs)
             Began as a Gnoll Abyssal Knight on Sept 4, 2021.
             Was a Follower of Lugonu.
             Succumbed to an adder's poison
             ... on level 2 of the Dungeon.
             The game lasted 00:01:22 (1334 turns).

Gargoyl the Skirmisher (Gnoll Abyssal Knight)       Turns: 1334, Time: 00:01:23

Health: 0/35       AC:  5    Str: 12    XL:     3   Next: 4%
Magic:  6/6        EV:  9    Int: 11    God:    Lugonu [*.....]
Gold:   28         SH:  6    Dex: 11    Spells: 3/3 levels left

rFire   . . .      SeeInvis .   a - +1 hand axe
rCold   . . .      Faith    .   e - +0 kite shield
rNeg    . . .      Spirit   .   b - +0 leather armour
rPois   .          Reflect  .   (no helmet)
rElec   .          Harm     .   (no cloak)
rCorr   .          Rampage  .   c - +1 pair of gloves
Will    .....                   (no boots)
Stlth   +.........              (no amulet)
HPRegen 0.11/turn               (no ring)
MPRegen 0.10/turn               (no ring)

@: lethally poisoned (0 -> -6)
A: fangs 1, strong nose, distributed training
a: Renounce Religion, Depart the Abyss


You were on level 2 of the Dungeon.
You worshipped Lugonu.
Lugonu was aware of your devotion.
You visited 1 branch of the dungeon, and saw 2 of its levels.
You visited the Abyss 1 time.

You collected 28 gold pieces.

Inventory:

Hand Weapons
 a - a +1 hand axe (weapon)
Armour
 b - a +0 leather armour (worn)
 c - a +1 pair of gloves (worn)
 e - a +0 kite shield (worn)
Potions
 d - a potion of brilliance


   Skills:
 + Level 6.5 Fighting
 + Level 0.5 Short Blades
 + Level 0.5 Long Blades
 + Level 4.5 Axes
 + Level 0.5 Maces & Flails
 + Level 0.5 Polearms
 + Level 0.5 Staves
 + Level 0.5 Slings
 + Level 0.5 Bows
 + Level 0.5 Crossbows
 + Level 0.5 Throwing
 + Level 4.5 Armour
 + Level 2.5 Dodging
 + Level 0.5 Stealth
 + Level 0.5 Shields
 + Level 0.5 Unarmed Combat
 + Level 0.5 Spellcasting
 + Level 0.4 Conjurations
 + Level 0.4 Hexes
 + Level 0.4 Summonings
 + Level 0.4 Necromancy
 + Level 0.4 Translocations
 + Level 0.4 Transmutations
 + Level 0.4 Fire Magic
 + Level 0.4 Ice Magic
 + Level 0.4 Air Magic
 + Level 0.4 Earth Magic
 + Level 0.4 Poison Magic
 + Level 4.5 Invocations
 + Level 0.5 Evocations


You had 3 spell levels left.
You didn't know any spells.
Your spell library contained the following spells:

 Spells                   Type           Power      Damage    Failure   Level
 Slow                     Hex            1%         N/A       98%         2
 Confusing Touch          Hex            1%         N/A       100%        3
 Iskenderun's Battlesphe  Conj           1%         2d6       100%        5
 Yara's Violent Unravell  Hex/Tmut       0%         3d3       100%        5
 Iron Shot                Conj/Erth      0%         9d1       100%        6
 Spellforged Servitor     Conj/Summ      0%         N/A       100%        7


Dungeon Overview and Level Annotations

Branches:
Dungeon (2/15)

Altars:

Shops:
D:1 *


Innate Abilities, Weirdness & Mutations

You have very sharp teeth.
Your uncanny sense of smell can sniff out nearby items.
Your experience applies equally to all skills.


Message History

Unknown command.
You closely miss the adder. You bite the adder, but do no damage.
The adder is moderately wounded.
You feel sick. The adder bites you but does no damage. The adder bites you.
Unknown command.
You barely miss the adder. Your bite misses the adder.
The adder is lightly wounded.
You feel sick.
You are no longer poisoned.
The adder bites you. The adder closely misses you.
You barely miss the adder. Your bite misses the adder.
The adder is lightly wounded.
You block the adder's attack. The adder closely misses you.
Unknown command.
You hit the adder.
The adder is moderately wounded.
A bat comes into view.
You block the adder's attack.
Unknown command.
You hit the adder but do no damage.
The adder is moderately wounded.
The adder bites you.
You are poisoned.
The adder poisons you! You block the adder's attack.
Okay, then.
You feel sick.
You feel sick. You block the adder's attack.
You feel sick.
You feel sick.
You feel sick.
You feel sick. The adder barely misses you.
You feel sick.
You are no longer poisoned.
The adder closely misses you. You block the adder's attack.
The adder bites you.
* * * LOW HITPOINT WARNING * * *
You are lethally poisoned!
The adder poisons you!
You die...

#.#...# ## #######.#.###### ...
#####............... ....
#......)..#.###.###. .....
#.........#.....# #.
......########.........#########.
......'...bg.....>.####†.........
......########.###.# #.#########
..... #.#@#.# #.# .... #.#.#.#
#.# [.. #b#S#.####.# ..
#g#b#....#.# # #.#.####.#.#
####.#g.....#.# #........####.#
#.............# #........######


You could see an adder, a hobgoblin and a bat.

Vanquished Creatures
  A ball python (D:1)
  5 bats (D:1)
  3 endoplasms
  2 giant cockroaches (D:1)
  A goblin (D:1)
  A hobgoblin (D:1)
  2 quokkas (D:1)
  A frilled lizard (D:2)
  4 kobolds
  A rat (D:1)
21 creatures vanquished.

Notes
Turn   | Place    | Note
-------+----------+-------------------------------------------
     0 | Abyss:1  | Gargoyl the Gnoll Abyssal Knight began the quest for the
                  | Orb.
     0 | Abyss:1  | Reached XP level 1. HP: 23/23 MP: 3/3
     9 | Abyss:1  | Found a corrupted altar of Lugonu.
    25 | Abyss:1  | Found a corrupted altar of Lugonu.
    74 | Abyss:3  | Noticed a bone dragon
    81 | D:1      | Escaped the Abyss
   341 | D:1      | Reached XP level 2. HP: 28/29 MP: 5/5
   630 | D:1      | Found Rorarph's Assorted Antiques.
   670 | D:1      | Reached * piety under Lugonu
  1192 | D:2      | Reached XP level 3. HP: 34/35 MP: 6/6
  1334 | D:2      | Succumbed to an adder's poison

Illustrated notes

Levels and vault maps discovered:
D:1:      lemuel_arrival_funnel, layout_basic, serial_shops, nicolae_square_shop
D:2:      layout_basic

Action                   || total
-------------------------++-------
Melee: Hand axe          ||    74
       Bite              ||     3
Invok: Depart the Abyss  ||     1
  Use: Scroll            ||     5
Armor: Leather armour    ||    50
Dodge: Dodged            ||    72
Block: Kite shield       ||    11

Table legend: (Time is in decaauts)
 A = Elapsed time spent in this place.
 B = Non-inter-level travel time spent in this place.
 C = Inter-level travel time spent in this place.
 D = Time resting spent in this place.
 E = Time spent auto-exploring this place.
 F = Levels seen in this place.
 G = Mean time per level.
                   A        B        C        D        E       F      G
               +--------+--------+--------+--------+--------+-----+--------+
         Total |   1341 |   1283 |     58 |      0 |    994 |   5 |  268.2 |
       Dungeon |   1261 |   1203 |     58 |      0 |    949 |   2 |  630.5 |
         Abyss |     80 |     80 |      0 |      0 |     45 |   3 |   26.7 |
               +--------+--------+--------+--------+--------+-----+--------+

Top non-repeatable levels by time:
     D:1: 1070 daAuts
     D:2: 191 daAuts
 Abyss:1: 44 daAuts
 Abyss:3: 18 daAuts
 Abyss:2: 17 daAuts
